[Event "*** SCC Grand Prix: Titled Tuesday Blitz"]
[Site "Chess.com"]
[Date "2020.09.29"]
[Round "8"]
[White "GHANDEEVAM2003"]
[Black "tdf98pantani"]
[Result "1/2-1/2"]
[WhiteElo "2984"]
[BlackElo "2639"]
[TimeControl "180+1"]
[EndTime "11:33:41 PDT"]
[Termination "Game drawn - insufficient material"]

1. c3 Nf6 2. Na3 e6 3. Nc2 b6 4. f3 Bb7 5. Nh3 Ke7 6. Nf2 Ke8 7. e4 Ke7 8. d4 Ke8 9. Bd3 Ng8 10. O-O d6 11.
Qe2 Nd7 12. Be3 g6 13. a4 a6 14. b4 Bg7 15. c4 Ne7 16. a5 h6 17. Rfb1 bxa5 18. bxa5 Qc8 19. Qd2 c5 20. d5 Bxa1 21.
Nxa1 g5 22. Qb2 Ne5 23. Qxb7 Qxb7 24. Rxb7 N7g6 25. Nc2 Kf8 26. Be2 Kg7 27. Rb6 Rhb8 28. Rxd6 Rb2 29. Bd1 Nxc4 30. Bxc5 Nxd6 31. Bd4+ e5 32.
Bxb2 Rb8 33. Bc3 Rb3 34. Be1 Rb1 35. Kf1 Nc4 36. g3 Ne7 37. Ke2 f5 38. Nd3 g4 39.
fxg4 fxe4 40. Nc5 Nxd5 41. Nxa6 Nb2 42. Nc5 Nxd1 43. a6 N1c3+ 44. Bxc3 Nxc3+ 45. Ke3 Rb5 46. Nxe4 Nxe4 47. Kxe4 Ra5 48. Ne3 Rxa6 49. Kxe5 Kg6 50. Kf4 Ra4+ 51. Kf3 Ra3 52. h4 Rb3 53. Kf4 Rb4+ 54.
Kf3 Rb3 55. Kf2 Rb2+ 56. Ke1 Kf6 57. Kf1 Ra2 58. Ng2 Ke5 59. Nf4 Ke4 60. g5 hxg5 61. hxg5 Kf3 62. Ke1 Kxg3 63. Nd5 Ra5 64. Nf6 Kf3 65.
Kd2 Rxg5 66. Kc3 Rf5 67. Nd7 Ke4 68. Kc4 Rf1 69. Nc5+ Ke5 70. Nd3+ Kd6 71. Kd4 Re1 72. Nxe1 1/2-1/2

[Event "*** SCC Grand Prix: Titled Tuesday Blitz"]
[Site "Chess.com"]
[Date "2020.09.29"]
[Round "8"]
[White "brunomorado"]
[Black "A-S-00"]
[Result "0-1"]
[WhiteElo "2372"]
[BlackElo "2276"]
[TimeControl "180+1"]
[EndTime "11:33:41 PDT"]
[Termination "A-S-00 won on time"]

1. d4 d5 2. Nc3 Nf6 3. Bg5 e6 4. e4 dxe4 5. Nxe4 Be7 6. Bxf6 Bxf6 7. Ne2 O-O 8. g3 Be7 9. Bg2 Nd7 10. c3 Rb8 11. O-O b6 12. Qa4 a6 13. Rad1 Bb7 14. Nf4 b5 15. Qc2 Nb6 16. Rfe1 Nd5 17. Nd3 Ba8 18.
a3 Nb6 19. Nec5 Bxg2 20. Kxg2 a5 21. Nf4 Nc4 22. a4 b4 23. Qb3 Nd6 24. Nfxe6 fxe6 25. Nxe6 Qc8 26. Ng5+ Kh8 27. Rxe7 Qf5 28. Nh3 Qf3+ 29. Kg1 bxc3 30. Qc2 Rxb2 31. Qd3 Qxd3 32. Rxd3 c2 33. Rc3 Rb1+ 34. Kg2 c1=Q 35. Rxc1 Rxc1 36. Nf4 Rc4 37.
Rd7 Rxa4 38. Rxc7 Nb5 39. Rb7 Nxd4 40. Rd7 Nc6 41. Ne6 Rg8 42. Rc7 Ne5 43. Rc5 Nd3 44.
Rd5 Nb4 45. Rd4 Ra2 46. Ng5 Rf8 0-1

[Event "*** SCC Grand Prix: Titled Tuesday Blitz"]
[Site "Chess.com"]
[Date "2020.09.29"]
[Round "8"]
[White "ViditYT"]
[Black "davidkalashian"]
[Result "1/2-1/2"]
[WhiteElo "2724"]
[BlackElo "2597"]
[TimeControl "180+1"]
[EndTime "11:33:42 PDT"]
[Termination "Game drawn by repetition"]

1. d4 Nf6 2. c4 e6 3. Nf3 b6 4.
g3 Ba6 5. b3 Bb4+ 6. Bd2 Be7 7.
Nc3 d5 8. cxd5 exd5 9. Bg2 O-O 10.
O-O c6 11. Rc1 Re8 12. Rc2 Bd6 13. Re1 Ne4 14. Nxe4 dxe4 15. Ne5 Bxe5 16. dxe5 Rxe5 17. Bf4 Rd5 18. Qc1 f5 19. f3 exf3 20. Bxf3 Rd7 21.
Rc3 Bb7 22. e4 c5 23. exf5 Bxf3 24. Rxf3 Nc6 25. Bg5 Qf8 26. f6 Nd4 27. Rf2 Re8 28. Qc4+ Rf7 29. Ref1 g6 30. h4 h6 31. Bf4 Kh7 32.
Bc1 Re6 33. Bb2 Rexf6 34. Bxd4 cxd4 35. Qxd4 Rxf2 36. Rxf2 Rxf2 37. Qxf2 Qe7 38. Kh2 h5 39. Qd2 Qf7 40. Kg2 Qb7+ 41. Kf2 Qf7+ 42. Ke2 Qe6+ 43.
Qe3 Qd7 44. Qe5 Qf7 45. Ke3 Qd7 46. Ke2 Qf7 47. Ke3 Qd7 48. Ke2 1/2-1/2

[Event "*** SCC Grand Prix: Titled Tuesday Blitz"]
[Site "Chess.com"]
[Date "2020.09.29"]
[Round "8"]
[White "x-0414717230"]
[Black "daro94"]
[Result "1-0"]
[WhiteElo "2718"]
[BlackElo "2917"]
[TimeControl "180+1"]
[EndTime "11:33:44 PDT"]
[Termination "x-0414717230 won on time"]

1. d4 e6 2. Nf3 Nf6 3. Bf4 Bd6 4.
e3 O-O 5. Bd3 b6 6. O-O Bb7 7. Nbd2 h6 8. Re1 Re8 9. c3 Nc6 10. Bxd6 cxd6 11. e4 Qc7 12. a4 Red8 13. Qe2 Ne7 14. Qe3 Ng6 15. h3 a5 16. Nh2 Ba6 17. Bc2 Rf8 18. Qg3 e5 19. d5 Nf4 20.
Qe3 Rac8 21. Nhf1 Bxf1 22. Nxf1 Qc5 23. Qd2 h5 24. Ne3 g6 25. Kh2 h4 26. Ra3 Nh7 27.
Rb3 Ng5 28. Rb5 Qc7 29. Qd1 Qd8 30. Qg4 Kg7 31. Kh1 Rh8 32. Ra1 Kf8 33. Ra3 Rc5 34. Rab3 Rxb5 35. Rxb5 Nh7 36. Nc4 Nf6 37. Qf3 Rh5 38.
Bd3 Nxd3 39. Qxd3 Rg5 40. Rxb6 Nh5 41. Qf3 Nf4 42. g4 hxg3 43. fxg3 Nxh3 44. Nxd6 f6 45. Ra6 Kg7 46. Nb7 Qf8 47. Rd6 Rh5 48. Rxd7+ Kh6 49.
Kg2 Ng5 50. Qg4 Qb8 51. d6 Qa7 52. Qe2 Qb6 53. Rc7 Qb3 54. d7 Ne6 55. d8=Q Nxd8 56. Nxd8 Qb8 57. Qd2+ Rg5 58. Ne6 1-0

[Event "*** SCC Grand Prix: Titled Tuesday Blitz"]
[Site "Chess.com"]
[Date "2020.09.29"]
[Round "8"]
[White "Mikhail_Golubev"]
[Black "sokidze"]
[Result "1-0"]
[WhiteElo "2469"]
[BlackElo "2608"]
[TimeControl "180+1"]
[EndTime "11:33:46 PDT"]
[Termination "Mikhail_Golubev won by checkmate"]

1. e4 c5 2. Nf3 Nc6 3. Nc3 g6 4. d4 cxd4 5. Nxd4 Bg7 6. Be3 Nf6 7. Nxc6 bxc6 8. e5 Ng8 9. Bd4 Qa5 10. f4 f6 11. Qd2 fxe5 12. fxe5 Rb8 13. e6 Nf6 14.
exd7+ Bxd7 15. Bc4 Qb4 16. Bb3 Ne4 17. Nxe4 Qxd2+ 18. Kxd2 Bxd4 19. c3 Bb6 20. Rhf1 Bf5 21. Ng3 Rd8+ 22.
Ke1 Rf8 23. Nxf5 gxf5 24. Be6 f4 25. Rd1 Rd6 26. Rxd6 exd6 27. Bg4 Ke7 28. Bf3 d5 29. Kd2 Kd6 30. Kd3 Re8 31. Rd1 Be3 32. c4 d4 33.
b4 Rb8 34. a3 c5 35. Rb1 Rb6 36. b5 a5 37. bxa6 Rxa6 38. Rb3 Kc7 39. Rb7+ Kd6 40. Rxh7 Rxa3+ 41. Ke4 d3 42. Rh6+ Ke7 43. Rh7+ Kf6 44.
Rh6+ Kg7 45. Rd6 d2 46. h4 Ra1 47. h5 Bd4 48. Kf5 Rf1 49. h6+ Kh8 50. Be4 d1=Q 51. Rd8+ Kh7 52. Kg5# 1-0

[Event "*** SCC Grand Prix: Titled Tuesday Blitz"]
[Site "Chess.com"]
[Date "2020.09.29"]
[Round "8"]
[White "Berardino"]
[Black "szachuspl"]
[Result "0-1"]
[WhiteElo "2709"]
[BlackElo "2557"]
[TimeControl "180+1"]
[EndTime "11:33:47 PDT"]
[Termination "szachuspl won on time"]

1. e4 c5 2. Nf3 a6 3. Nc3 Nc6 4. d4 cxd4 5. Nxd4 e5 6. Nf5 d6 7.
Bc4 g6 8. Ne3 Nf6 9. Ned5 Nxd5 10. Nxd5 Be6 11. Be3 b5 12. Bb6 Qb8 13. Nc7+ Kd7 14.
Bxe6+ fxe6 15. Nxa8 Qxa8 16. O-O Be7 17. c3 h5 18. Qd3 h4 19. Rad1 h3 20. g3 g5 21.
Qf3 Qe8 22. Qg4 Rh6 23. Rd2 Qb8 24. Be3 Na5 25. b3 Qc8 26. Rd3 Nb7 27. Rfd1 Nc5 28.
Bxc5 Qxc5 29. Qf3 Rf6 30. Qe2 g4 31. R1d2 Rg6 32. b4 Qc6 33. Rd1 Ke8 34. Qe3 Kf7 35. f3 gxf3 36. Qxf3+ Kg7 37. Rf1 Qe8 38. Kh1 Kh6 39.
Qf2 Qc6 40. Qe2 Bg5 41. Rdf3 d5 42. exd5 Qxd5 43. Rd1 Qc6 44. Kg1 e4 45. Rff1 e3 46. Rf3 Qxc3 47. Rd7 Qxb4 48. Rf1 Qe4 49. Rfd1 Rf6 50.
Rf1 Rxf1+ 51. Qxf1 e2 52. Qf8+ Kh5 53. Qf7+ Kg4 0-1

[Event "*** SCC Grand Prix: Titled Tuesday Blitz"]
[Site "Chess.com"]
[Date "2020.09.29"]
[Round "8"]
[White "crazy_but_lazy"]
[Black "PlotnikovPavel"]
[Result "1-0"]
[WhiteElo "2545"]
[BlackElo "2373"]
[TimeControl "180+1"]
[EndTime "11:33:47 PDT"]
[Termination "crazy_but_lazy won by checkmate"]

1. e4 e5 2. Nf3 Nc6 3. Bc4 Nf6 4. Ng5 d5 5. exd5 Na5 6. Bb5+ c6 7. dxc6 bxc6 8. Be2 h6 9. Nh3 Bc5 10. d3 O-O 11.
Nc3 Be6 12. Be3 Bd6 13. Qd2 Qd7 14. Ne4 Nxe4 15. dxe4 Nb7 16. O-O-O Qe7 17. Ba6 Bb4 18. c3 Rfd8 19. Qe2 Bc5 20. Bxb7 Bxe3+ 21. Qxe3 Qxb7 22. Kb1 Qa6 23. b3 Rdb8 24. Kb2 Qa4 25. c4 Qxc4 26. Rc1 Qa6 27. Rc3 Rb6 28. Rhc1 Rab8 29. f4 Qb7 30. f5 Bd7 31. Nf2 f6 32. Nd3 Be8 33. Nc5 Qe7 34. g4 Bf7 35. h4 Rd8 36. Rg1 Rd4 37. g5 h5 38. gxf6 Qxf6 39. Rg5 Rb8 40. Rc2 Rbd8 41. Qg3 Rd2 42. Kc3 Rxc2+ 43. Kxc2 Rd4 44. Qe3 Kf8 45.
Rg2 Qd6 46. Nd3 c5 47. Qg3 Qf6 48. Nxe5 Rxe4 49. Nd7+ Ke8 50. Nxf6+ gxf6 51. Qb8+ Ke7 52. Qb7+ Kf8 53. Qxe4 Be8 54. Qf4 Bf7 55. Qh6+ Ke7 56. Rg7 Kd6 57. Rxf7 Ke5 58. Qxh5 Ke4 59. Qg6 Ke5 60.
Qxf6+ Kf4 61. Qe6 Kg4 62. f6+ Kf4 63. Rg7 Kf3 64. f7 Kf2 65. f8=Q# 1-0

[Event "*** SCC Grand Prix: Titled Tuesday Blitz"]
[Site "Chess.com"]
[Date "2020.09.29"]
[Round "8"]
[White "c_r_e_e_p_e_r"]
[Black "Susal_De_Silva"]
[Result "1-0"]
[WhiteElo "2384"]
[BlackElo "2520"]
[TimeControl "180+1"]
[EndTime "11:33:48 PDT"]
[Termination "c_r_e_e_p_e_r won by resignation"]

1. e4 e5 2. Nc3 Nf6 3. f4 d5 4. fxe5 Nxe4 5. Qf3 Nxc3 6. dxc3 Nc6 7. Bf4 Be6 8.
O-O-O Qd7 9. Bb5 a6 10. Be2 O-O-O 11. Nh3 h6 12. Bg3 g5 13. Qd3 Bg7 14. Qe3 Rhe8 15.
Bh5 Kb8 16. Nf2 Bf5 17. Bf3 Qe6 18. Rhe1 d4 19. cxd4 Qxa2 20. Bxc6 Qa1+ 21. Kd2 Qxb2 22. Be4 Rxd4+ 23. Ke2 Rxe4 24. Nxe4 Bg4+ 25. Kf1 Bxd1 26.
Rxd1 Bxe5 27. Bf2 b6 28. Qd3 Bxh2 29. Qxa6 Qxc2 30. Rd4 Qc1+ 31. Ke2 Qc6 32. Be3 Qb7 33. Qd3 Qc8 34. Nf6 Rh8 35. Nd7+ Kb7 36. Ne5 c6 37.
Rd7+ Kb8 38. Qe4 Bxe5 39. Qxe5+ Ka8 40. Rxf7 Re8 41. Qg7 Qa6+ 42. Kf3 Rb8 43. Rc7 Qf1+ 44. Kg3 Qa6 45. Rxc6 Rb7 46. Rc8+ Ka7 47. Rc7 Rxc7 48. Qxc7+ Qb7 49. Bxb6+ Ka6 50. Qxb7+ Kxb7 51. Bd8 Kc6 52. Bf6 Kd7 53. Kg4 Ke6 54. Bg7 Kf7 55. Bxh6 Kg6 56. Bxg5 1-0

[Event "*** SCC Grand Prix: Titled Tuesday Blitz"]
[Site "Chess.com"]
[Date "2020.09.29"]
[Round "8"]
[White "xberli"]
[Black "gui_borba"]
[Result "0-1"]
[WhiteElo "2582"]
[BlackElo "2445"]
[TimeControl "180+1"]
[EndTime "11:33:48 PDT"]
[Termination "gui_borba won by checkmate"]

1. e4 c6 2. d4 d5 3. e5 Bf5 4. Nf3 e6 5. Be2 h6 6. O-O Nd7 7. Nbd2 Ne7 8. Nb3 Bh7 9. Ne1 Ng6 10. f4 Be7 11. Nd3 O-O 12. Kh1 f5 13. Be3 b6 14.
Rc1 Nh8 15. c4 Nf7 16. cxd5 cxd5 17. Rc6 Nb8 18. Rc3 g5 19. Qc2 Bg6 20. Rc1 Na6 21. a3 Qd7 22. Qd1 Rac8 23. R1c2 Rxc3 24. Rxc3 Rc8 25. Qc2 Rxc3 26. Qxc3 Qc7 27. Qd2 Nb8 28. Ne1 gxf4 29. Bxf4 Ng5 30. Qc2 Qxc2 31. Nxc2 Kg7 32. g3 Ne4 33. Kg2 Be8 34. Bd3 Ba4 35. Nd2 Nc6 36.
Nf3 Na5 37. Kf1 Nc4 38. Bxc4 dxc4 39. Ne3 c3 40. bxc3 Nxc3 41. Nc4 Bb5 42. Nd2 Bxa3 43. Ke1 Bb4 44. Nd6 Bd3 45. Kf2 a5 46. Ne8+ Kg6 47.
Nc7 a4 48. Nxe6 a3 49. Nb3 Bc4 50. d5 Bxb3 51. Nc7 a2 52. d6 a1=Q 53. d7 Bc5+ 54. Kg2 Qb2+ 55. Kh3 Be7 56. e6 Bd1 57. Ne8 Bg4# 0-1

[Event "*** SCC Grand Prix: Titled Tuesday Blitz"]
[Site "Chess.com"]
[Date "2020.09.29"]
[Round "8"]
[White "WiktoriaPOL"]
[Black "PawnEatingZombie"]
[Result "0-1"]
[WhiteElo "2048"]
[BlackElo "2208"]
[TimeControl "180+1"]
[EndTime "11:33:48 PDT"]
[Termination "PawnEatingZombie won by checkmate"]

1. c4 e6 2. Nc3 d5 3. d4 Bb4 4. cxd5 exd5 5. a3 Be7 6. Qc2 c6 7. b4 g6 8. Nf3 Bf5 9. Qb3 Nf6 10. Bg5 O-O 11. e3 Nbd7 12. Be2 Nb6 13. O-O Re8 14. b5 c5 15. dxc5 Bxc5 16. Bxf6 Qxf6 17. Nxd5 Nxd5 18.
Qxd5 b6 19. a4 Rad8 20. Qb3 Be4 21. a5 g5 22. axb6 axb6 23. Rfd1 g4 24. Ne1 h5 25.
Rxd8 Rxd8 26. Rd1 Re8 27. Bc4 h4 28. Rd7 Bg6 29. h3 g3 30. Nf3 gxf2+ 31. Kxf2 Rxe3 32. Qxe3 Bxe3+ 33. Kxe3 Qc3+ 34. Bd3 Bxd3 35. Rxd3 Qc5+ 36.
Kd2 Qxb5 37. Nxh4 Qg5+ 38. Kc3 Qxh4 39. Rd4 Qf6 40. Kc4 Qe6+ 41. Kd3 Qg6+ 42. Re4 Qxg2 43. Rg4+ Qxg4 44. hxg4 Kg7 45. Kc4 Kg6 46. Kb5 Kg5 47.
Kxb6 Kxg4 48. Kc5 f5 49. Kd4 Kg3 50. Ke5 f4 51. Kf5 f3 52. Kg5 f2 53. Kh5 f1=Q 54. Kg5 Qf4+ 55. Kg6 Qe5 56. Kh6 Qf5 57. Kg7 Qe6 58.
Kh8 Qe7 59. Kg8 Kg4 60. Kh8 Kg5 61. Kg8 Kg6 62. Kh8 Qh7# 0-1

[Event "*** SCC Grand Prix: Titled Tuesday Blitz"]
[Site "Chess.com"]
[Date "2020.09.29"]
[Round "8"]
[White "Resignify"]
[Black "Marcin"]
[Result "0-1"]
[WhiteElo "2265"]
[BlackElo "2481"]
[TimeControl "180+1"]
[EndTime "11:33:49 PDT"]
[Termination "Marcin won by resignation"]

1. e4 c5 2. Nc3 Nc6 3. g3 g6 4. Bg2 Bg7 5. d3 d6 6. f4 Nf6 7.
Nf3 O-O 8. O-O Bg4 9. h3 Bxf3 10. Qxf3 Nd4 11. Qf2 Ne8 12. Be3 Nc7 13. Qd2 Rb8 14. a3 b5 15. Rab1 a5 16. Ne2 Nxe2+ 17. Qxe2 b4 18. axb4 axb4 19. g4 Nb5 20. Qd2 Bd4 21. Bxd4 Nxd4 22. c3 Nc6 23. e5 d5 24. Qe3 Rb5 25. c4 d4 26. Qe4 Rb6 27. Ra1 b3 28. Ra3 Nb4 29. Rxb3 Nc2 30. Rxb6 Qxb6 31. Rf2 Qxb2 32. Qe2 Qc1+ 33. Rf1 Qe3+ 34. Qxe3 dxe3 35. Rc1 e2 36. Kf2 e1=Q+ 37. Rxe1 Nxe1 38. Kxe1 g5 39. f5 Rb8 40. Kf2 Rb2+ 41. Kg3 Re2 42. Be4 Re3+ 43.
Kg2 f6 44. Bd5+ Kf8 45. e6 Ke8 46. Be4 Kd8 47. Kh2 Kc7 48. Kg2 Kd6 49. Kf2 Rxh3 50. Bg2 Rxd3 51. Bd5 Rxd5 52. cxd5 Kxd5 53. Ke3 c4 54. Kd2 Kd4 55. Kc2 c3 56. Kb3 Kd3 0-1

[Event "*** SCC Grand Prix: Titled Tuesday Blitz"]
[Site "Chess.com"]
[Date "2020.09.29"]
[Round "8"]
[White "TheCavemanChesss"]
[Black "Xtrmntr78"]
[Result "0-1"]
[WhiteElo "2444"]
[BlackElo "2585"]
[TimeControl "180+1"]
[EndTime "11:33:50 PDT"]
[Termination "Xtrmntr78 won by resignation"]

1. e4 e5 2. Nf3 d5 3. Nxe5 Bd6 4.
d4 dxe4 5. Nc4 Be7 6. Nc3 Nf6 7. Bg5 Nc6 8. d5 Nxd5 9. Qxd5 Bxg5 10. Qxe4+ Qe7 11.
Bd3 Be6 12. O-O O-O-O 13. Rfe1 Qc5 14. Na4 Qb4 15. b3 Rhe8 16. c3 Qe7 17. b4 Bxc4 18. Qxe7 Rxe7 19. Rxe7 Bxe7 20. Bxc4 Ne5 21. Bb3 b5 22.
Nc5 Bxc5 23. bxc5 Rd3 24. Re1 f6 25. f4 Nc4 26. c6 Kd8 27. Bxc4 bxc4 28. Re4 Rxc3 29.
Rd4+ Kc8 30. Re4 Rd3 31. Rxc4 Rd1+ 32. Kf2 Rd2+ 33. Kf3 Rxa2 34. Rd4 Rc2 35. Rd7 Rxc6 36. Rxg7 a5 37. Rxh7 a4 38. Rh5 Ra6 39. Rd5 a3 40.
Rd1 a2 41. Ra1 Kd7 42. Ke4 Ke6 43. f5+ Kd6 44. Kd4 Ra4+ 45. Kc3 Ke5 46. Kb3 Rh4 47. g3 Rxh2 48. Re1+ Kxf5 49. Rf1+ Kg5 50. Kc4 f5 51.
Kd4 Kg4 52. Ke5 Re2+ 53. Kf6 Kxg3 54. Kxf5 c5 55. Rc1 c4 56. Rc3+ Kf2 57. Ra3 Rb2 58.
Kf4 Ke2 59. Ra4 c3 60. Ke4 c2 61. Rc4 a1=Q 0-1

[Event "*** SCC Grand Prix: Titled Tuesday Blitz"]
[Site "Chess.com"]
[Date "2020.09.29"]
[Round "8"]
[White "ChelsieMonica"]
[Black "DarZay"]
[Result "1-0"]
[WhiteElo "2371"]
[BlackElo "2115"]
[TimeControl "180+1"]
[EndTime "11:33:50 PDT"]
[Termination "ChelsieMonica won on time"]

1. e4 c5 2. Nf3 d6 3. d3 Nc6 4. c3 Nf6 5. Be2 e6 6. O-O d5 7. h3 dxe4 8. dxe4 Qxd1 9. Rxd1 Nxe4 10. Bf4 Be7 11. Bb5 Bd7 12. Na3 f6 13. Nc4 O-O-O 14. a4 e5 15. Be3 Be6 16. Bxc6 bxc6 17. Nfd2 Nxd2 18. Nxd2 Kc7 19. Ne4 Rxd1+ 20. Rxd1 Bb3 21.
Ra1 c4 22. a5 Bc2 23. Nd2 Bd3 24. Bxa7 c5 25. Bb6+ Kc6 26. f3 f5 27. Nf1 g5 28.
g4 h5 29. gxf5 Bxf5 30. Kg2 g4 31. hxg4 hxg4 32. fxg4 Bxg4 33. Ne3 Bh3+ 34. Kf3 Rf8+ 35. Ke2 Be6 36. Rh1 Rf7 37. Rh6 Rf6 38. Rxf6 Bxf6 39.
Kf3 Bh4 40. Ke4 Bf6 41. Nf5 Bd5+ 42. Ke3 Bg5+ 43. Ke2 e4 44. Ne3 Bf7 45. Ng4 Bh5 46. Kf2 Bxg4 47. Bd8 e3+ 48. Kg3 e2 49. Kf2 Bh4+ 50.
Bxh4 Kb5 51. Bd8 Ka6 52. Ke1 Bh5 53. Kd2 Kb5 54. Bb6 Bf3 55. Ke1 Ka6 56. Kf2 Kb5 57.
Bd8 Ka4 58. Bh4 1-0

[Event "*** SCC Grand Prix: Titled Tuesday Blitz"]
[Site "Chess.com"]
[Date "2020.09.29"]
[Round "8"]
[White "dosto07"]
[Black "parnali1611"]
[Result "1-0"]
[WhiteElo "2298"]
[BlackElo "2106"]
[TimeControl "180+1"]
[EndTime "11:33:51 PDT"]
[Termination "dosto07 won on time"]

1. e4 e5 2. Nf3 Nc6 3. Bb5 a6 4. Bxc6 dxc6 5. O-O Bg4 6. h3 h5 7. d3 Qf6 8. Be3 Bd6 9. Nbd2 Ne7 10. Re1 Be6 11. d4 O-O-O 12. dxe5 Bxe5 13. Bg5 Qg6 14. Bxe7 Bxh3 15. Nh4 Qh6 16. Bxd8 Rxd8 17. Qf3 Bg4 18. Nf5 Qxd2 19. Qe3 Qxc2 20. Rac1 Qxb2 21. Qa7 Bxf5 22. Qa8+ Kd7 23. Red1+ Bd4 24. Rxd4+ Qxd4 25. Qxb7 Bxe4 26. Qxa6 Bd5 27. Qe2 g6 28. Rd1 Qf6 29.
a4 Re8 30. Qd2 Qd6 31. a5 Ra8 32. Ra1 Qe5 33. Ra3 Qe4 34. f3 Qe7 35. Qc3 Rb8 36.
Ra1 Qe2 37. Re1 Qb2 38. Qc5 Re8 39. Rxe8 Kxe8 40. Qa7 Qa1+ 41. Kh2 Kd7 42. Qa8 Qe5+ 43. Kg1 Qg3 44. Kf1 Bc4+ 45. Kg1 Be2 46. Qf8 Qe1+ 47. Kh2 Qh4+ 48. Kg1 Qe7 49. Qh8 Qc5+ 50. Kh2 Qxa5 51. Kh1 Qe1+ 52. Kh2 Qh4+ 53. Kg1 Qg3 54. Qd4+ 1-0

[Event "*** SCC Grand Prix: Titled Tuesday Blitz"]
[Site "Chess.com"]
[Date "2020.09.29"]
[Round "8"]
[White "BillieKimbah"]
[Black "Hikaru"]
[Result "0-1"]
[WhiteElo "2932"]
[BlackElo "3239"]
[TimeControl "180+1"]
[EndTime "11:33:52 PDT"]
[Termination "Hikaru won by resignation"]

1. Nf3 d5 2. e3 c5 3. b3 f6 4. d4 Nc6 5. Bb2 Bg4 6. Be2 cxd4 7. Nxd4 Bxe2 8. Qxe2 Nxd4 9. exd4 Qd7 10. O-O e6 11. c4 Kf7 12. Nc3 Bb4 13. cxd5 Bxc3 14. dxe6+ Qxe6 15. Qxe6+ Kxe6 16. Bxc3 Ne7 17. Rfe1+ Kf7 18.
Rac1 Nd5 19. Bd2 Rhd8 20. f3 Rd7 21. Kf2 Rad8 22. Re4 Ne7 23. Rc4 Nf5 24. Bf4 g5 25. g4 Nxd4 26. Be3 Nc6 27. Rc5 h6 28. f4 Ne7 29.
Rc2 Nd5 30. fxg5 hxg5 31. Kf3 a6 32. h3 Ne7 33. Rec4 Nc6 34. Kg2 Kg6 35. Bf2 Rd3 36. R4c3 Rxc3 37. Rxc3 Rd2 38. a3 Ra2 39. b4 Ne5 40.
Kg3 b5 41. Bd4 Nc4 42. Rf3 Rxa3 43. Rxa3 Nxa3 44. Kf3 f5 45. gxf5+ Kxf5 46. Ke2 Nc4 47.
Bc5 Ne5 48. Ke3 Nc6 49. Bd6 Ke6 50. Bf8 Ke5 51. Kd3 Kd5 52. Kc3 Ke4 53. Bh6 Kf5 54. Bf8 Nd8 55. Kd3 Ne6 56. Be7 Nf4+ 57. Kd4 Nxh3 58.
Kc5 g4 59. Bh4 Ke4 60. Kb6 Kd5 61. Kxa6 Kc4 62. Ka5 Nf4 63. Kb6 Ne2 64. Kc6 g3 65. Bxg3 Nxg3 0-1

[Event "*** SCC Grand Prix: Titled Tuesday Blitz"]
[Site "Chess.com"]
[Date "2020.09.29"]
[Round "8"]
[White "vaishali2001"]
[Black "Ze-Pequeno"]
[Result "1-0"]
[WhiteElo "2469"]
[BlackElo "2242"]
[TimeControl "180+1"]
[EndTime "11:33:52 PDT"]
[Termination "vaishali2001 won by checkmate"]

1. e4 Nf6 2. e5 Nd5 3. d4 d6 4.
Nf3 Bg4 5. Be2 c6 6. O-O Bxf3 7. Bxf3 dxe5 8. dxe5 e6 9. c4 Ne7 10. Qxd8+ Kxd8 11. Nc3 Nd7 12. Re1 Ng6 13. Bg5+ Be7 14. Bxe7+ Kxe7 15. Be4 Ngxe5 16. b3 Nc5 17. Bc2 Ncd7 18.
f4 Ng4 19. f5 Rae8 20. fxe6 fxe6 21. Bf5 Ngf6 22. Bxe6 Kd8 23. Rad1 Kc7 24. h3 Re7 25. Bf5 Rhe8 26. Rxe7 Rxe7 27. Rd2 g6 28. Bc2 a5 29. Rf2 Re3 30. Ne2 Kd6 31. Kf1 Kc5 32. Nf4 Kb4 33. Bb1 a4 34. bxa4 Kxc4 35. g4 g5 36. Nh5 Nxh5 37. gxh5 Rxh3 38. Bf5 Rh1+ 39.
Kg2 Rd1 40. Bxh7 Ne5 41. Bg8+ Kd4 42. h6 Ng4 43. h7 Nxf2 44. h8=Q+ Ke3 45. Qc3+ Rd3 46.
Qc5+ Rd4 47. Qxg5+ Ke2 48. Qe5+ Re4 49. Qb2+ Ke3 50.
Qxf2+ Kd3 51. Bh7 Kc3 52. Bxe4 Kc4 53. Qb6 c5 54. Qxb7 Kd4 55. Qd5+ Ke3 56. Qxc5+ Kf4 57. a5 Kg4 58. Qf5+ Kh4 59. Qf6+ Kg4 60. Bf3# 1-0

[Event "*** SCC Grand Prix: Titled Tuesday Blitz"]
[Site "Chess.com"]
[Date "2020.09.29"]
[Round "8"]
[White "Schandenfreude"]
[Black "alexgo05"]
[Result "1-0"]
[WhiteElo "2571"]
[BlackElo "2428"]
[TimeControl "180+1"]
[EndTime "11:33:54 PDT"]
[Termination "Schandenfreude won by resignation"]

1. d4 Nf6 2. Bf4 e6 3. e3 c5 4. c3 d5 5. Nd2 Bd6 6. Bg3 O-O 7. Ngf3 Qc7 8. Bd3 Nbd7 9. O-O e5 10. dxe5 Nxe5 11.
Nxe5 Bxe5 12. Bxe5 Qxe5 13. Re1 Bg4 14. Be2 Bxe2 15.
Qxe2 Rfe8 16. Rad1 Rad8 17. Qb5 b6 18. a4 Qc7 19. Nf3 Ne4 20. Qb3 c4 21. Qc2 Nc5 22. Re2 a6 23. Red2 Qc6 24. Nd4 Qxa4 25. Qxa4 Nxa4 26. Nc6 Rd6 27. Nb4 Red8 28. Nxd5 Kf8 29. e4 f5 30. e5 Re6 31. Nc7 Rde8 32. Nxe6+ Rxe6 33. Rd8+ Kf7 34. R1d7+ Kg6 35. Rd6 Rxd6 36. exd6 Kf6 37. Ra8 Ke6 38. Rxa6 Nxb2 39. Rxb6 Nd1 40. Rc6 Nxc3 41. Rxc4 Nd5 42. Ra4 Kxd6 43. Ra7 Ne7 44. g3 Ke6 45. Kg2 Kf6 46. h4 Ng6 47. Kh3 Nf8 48. Ra6+ Ne6 49. Ra7 Ke5 50. f3 Kf6 51. Kg2 Ke5 52. Kf2 h6 53. Ke3 g5 54. h5 Kf6 55. g4 fxg4 56. fxg4 Nf4 57. Rh7 Nd5+ 58. Kf3 Ke5 59. Rxh6 Nf6 60. Rxf6 Kxf6 61. Ke4 1-0

[Event "*** SCC Grand Prix: Titled Tuesday Blitz"]
[Site "Chess.com"]
[Date "2020.09.29"]
[Round "8"]
[White "QuintilianoR"]
[Black "venus02"]
[Result "0-1"]
[WhiteElo "2598"]
[BlackElo "2479"]
[TimeControl "180+1"]
[EndTime "11:33:54 PDT"]
[Termination "venus02 won on time"]

1. Nf3 Nf6 2. c4 c6 3. Nc3 d5 4. e3 e6 5. d4 Be7 6. Qc2 O-O 7. b3 b6 8. Bd3 Bb7 9. O-O Nbd7 10. Rd1 Rc8 11. e4 dxe4 12. Nxe4 Nxe4 13. Bxe4 Nf6 14. c5 Nxe4 15. Qxe4 bxc5 16. Ba3 cxd4 17. Rxd4 Qe8 18.
Ra4 Bxa3 19. Rxa3 a6 20. Qb4 Qd7 21. Qc5 Rfd8 22. h3 Qd5 23. b4 h6 24. Rc3 Ba8 25.
Ne5 Qxc5 26. Rxc5 Rd5 27. Nc4 Rb8 28. a3 Kf8 29. Rc1 Ke7 30. Na5 Rxc5 31. Rxc5 Kd6 32.
Nc4+ Kc7 33. Ne5 f6 34. Nf3 Rd8 35. Rc3 Rd5 36. Kf1 Kb6 37. Ke2 c5 38. Ke3 cxb4 39.
axb4 Bc6 40. Nd4 Bd7 41. Nb3 e5 42. Nc5 Bb5 43. f3 Rd4 44. Ne4 Rxb4 45. Nd6 a5 46. Nf5 a4 47. Ne7 Rb3 48. Nd5+ Ka5 49. Kd2 Rb2+ 50.
Kc1 Rxg2 51. Rc7 Ka6 52. Rc5 a3 53. Nc7+ Kb6 0-1

[Event "*** SCC Grand Prix: Titled Tuesday Blitz"]
[Site "Chess.com"]
[Date "2020.09.29"]
[Round "8"]
[White "BilodeauA"]
[Black "mishanick"]
[Result "0-1"]
[WhiteElo "2888"]
[BlackElo "3013"]
[TimeControl "180+1"]
[EndTime "11:33:56 PDT"]
[Termination "mishanick won by resignation"]

1. e4 c5 2. Nf3 d6 3. d4 cxd4 4. Nxd4 Nf6 5. Nc3 a6 6. Nb3 Nbd7 7. Be3 g6 8. f3 b5 9. a4 b4 10. Na2 a5 11. c3 bxc3 12. Nxc3 Bg7 13. Be2 O-O 14.
O-O Ne5 15. Nd4 Ba6 16. Ncb5 Qd7 17. Rc1 Rfc8 18. Qb3 e6 19. Rxc8+ Rxc8 20. Rc1 Rxc1+ 21.
Bxc1 d5 22. f4 Nc6 23. e5 Ne4 24. Be3 Bf8 25. h3 Bc5 26. Nxc6 Qxc6 27. Kh2 Qb6 28.
Bxc5 Qxc5 29. Bf3 Nd2 30. Qc3 Nxf3+ 31. Qxf3 Bxb5 32. axb5 Qxb5 33. Qg4 Qxb2 34. Qg5 Qb8 35. h4 h5 36. Qg3 a4 37. Qa3 Qa7 38. Kh3 Kg7 39.
Kh2 Qd4 40. g3 Qd2+ 41. Kh3 Qd1 42. Kh2 Qb3 43. Qe7 Qc2+ 44. Kh3 Qb1 45. Kh2 Qb8 46. f5 exf5 47. e6 Qf8 48. Qd7 Kf6 49. Qxd5 fxe6 50. Qd4+ Kf7 51. Qxa4 Qe7 52. Qd4 e5 53. Qd5+ Kg7 54.
Qa8 e4 55. Kg2 Kf7 56. Kf2 Qd6 57. Qb7+ Ke6 58. Qb3+ Ke5 59. Qb2+ Qd4+ 0-1

[Event "*** SCC Grand Prix: Titled Tuesday Blitz"]
[Site "Chess.com"]
[Date "2020.09.29"]
[Round "8"]
[White "teacher4chess"]
[Black "Klavdia_Nik"]
[Result "0-1"]
[WhiteElo "1992"]
[BlackElo "2165"]
[TimeControl "180+1"]
[EndTime "11:33:57 PDT"]
[Termination "Klavdia_Nik won by resignation"]

1. d4 Nf6 2. Nf3 c5 3. e3 b6 4. Be2 Bb7 5. c4 g6 6. d5 b5 7. O-O bxc4 8. Bxc4 d6 9. Nc3 Bg7 10. e4 O-O 11. Bf4 Nh5 12. Be3 Nd7 13. Qd2 Re8 14.
Bg5 Nhf6 15. Rfe1 Ng4 16. Bb5 Rb8 17. h3 Nge5 18. Nxe5 Bxe5 19. f4 Bg7 20. Kh2 Bc8 21.
e5 a6 22. Bc6 Bb7 23. exd6 f6 24. dxe7 Rxe7 25. Rxe7 Qxe7 26. d6 Qf7 27. Bxb7 Rxb7 28. Bh4 f5 29. Re1 Bf6 30. Bf2 Qc4 31. Nd5 Kf7 32.
Nxf6 Nxf6 33. b3 Qd5 34. Qxd5+ Nxd5 35. Bxc5 Nxf4 36. Re7+ Rxe7 37. dxe7 Nd5 38. Kg3 g5 39. Kf3 Nc3 40. Ke3 Nxa2 41. Kd3 Nc1+ 42. Kc4 Ne2 43. Kb4 Nf4 44. g3 Nxh3 45. Ka5 f4 46. gxf4 gxf4 47. Kxa6 f3 48. b4 f2 49. Bxf2 Nxf2 50. b5 Ne4 51.
b6 Nd6 52. Ka7 Kxe7 53. Kb8 h5 54. Kc7 h4 0-1